Match 42558389
Unlisted

Match 42558389
End
Construct Section Command Post
Royal Engineer Section
Selects Canadian Shock Battlegroup
Infantry Section
Vickers Machine Gun Team
Infantry Section
Selects Attacking Spirit
Selects Canadian Shock Section
Canadian Shock Section
Construct Platoon Command Post
Humber Armored Car
6-pounder Anti-tank Gun Team
Construct Company Command Post
ML 3-inch Mortar Team
Selects Burnout
Selects Pyrotechnics
Crusader II Medium Tank
Crusader II Medium Tank
Selects Point Assault
Crusader II Medium Tank
Crusader II Medium Tank
Royal Engineer Section
Burnout
Crusader II Medium Tank
Burnout
Canadian Shock Section
Burnout
Selects Churchill Crocodile Heavy Tank
Crusader II Medium Tank
Crusader II Medium Tank
Crusader II Medium Tank
Grenade Package
Crusader II Medium Tank
Canadian Shock Section
Crusader II Medium Tank
Crusader II Medium Tank
Foot Guards Section
6-pounder Anti-tank Gun Team
Crusader II Medium Tank
Burnout
Crusader II Medium Tank
Burnout
matjouz
Sarmynation
ArkaKonego
GreenLabel
0
0

Comments sign in to comment!

No comments posted yet!